 Dungeon Crawl Stone Soup version 0.31-a0-986-g5e6e4ef867 (webtiles) character file.

Game seed: 1822650502822965073

407 DocClef the Ruffian (level 6, -7/48 HPs)
             Began as a Demonspawn Shapeshifter on Nov 6, 2023.
             Was an Initiate of Trog.
             Mangled by an ogre
             ... wielding a +0 giant club
              (29 damage)
             ... on level 4 of the Dungeon.
             The game lasted 00:03:47 (2439 turns).

DocClef the Ruffian (Demonspawn Shapeshifter)       Turns: 2439, Time: 00:03:48

Health: -7/48      AC: 10    Str: 17    XL:     6   Next: 57%
Magic:  6/6        EV:  8    Int: 11    God:    Trog [......]
Gold:   187        SH:  0    Dex: 12    Spells: 5/5 levels left

rFire   + .          .
                       - Unarmed
rCold   . . .        (no shield)
rNeg    . . .        k - +2 chain mail {rF+}
rPois   .            (helmet currently unavailable)
rElec   .            (cloak currently unavailable)
rCorr   .            (gloves currently unavailable)
SInv    .            (boots currently unavailable)
Will    .....        (no amulet) Stlth
                     (no ring)
HPRegen 0.28/turn    (no ring)
MPRegen 0.10/turn

%: no passive effects
@: beast-form
A: beast (slay +2), claws 2
a: Begin Untransformation, Renounce Religion


You were on level 4 of the Dungeon.
You worshipped Trog.
Trog was noncommittal.
You were a hulking beast.
You visited 2 branches of the dungeon, and saw 5 of its levels.

You collected 187 gold pieces.

Inventory:

Armour
 a - a +0 animal skin
 f - a +0 ring mail
 k - a +2 chain mail of fire resistance (worn)
Jewellery
 l - a ring of wizardry
Talismans
 c - a beast talisman
 d - a flux talisman
Wands
 j - a wand of paralysis (7)
 n - a wand of digging (5)
Scrolls
 g - a scroll of noise {unknown}
 h - a scroll of amnesia {unknown}
 i - 3 scrolls of identify {unknown}
 m - a scroll of torment {unknown}
 r - a scroll of silence {unknown}
Potions
 b - 3 potions of lignification
 e - a potion of berserk rage {unknown}
 o - a potion of heal wounds {unknown}
 p - a potion of attraction {unknown}
 q - a potion of invisibility {unknown}


   Skills:
 + Level 3.8 Fighting
 - Level 2.2 Dodging
 + Level 4.3 Unarmed Combat
 + Level 4.1 Shapeshifting


You had 5 spell levels left.
You didn't know any spells.
Your spell library contained the following spells:

 Spells                   Type           Power      Damage    Failure   Level
 Magic Dart               Conj           0%         1d3       99%         1
 Cigotuvi's Dreadful Rot  Necr/Pois/Air  0%         N/A       100%        2
 Searing Ray              Conj           0%         2d4       100%        2
 Cause Fear               Hex            0%         N/A       100%        4
 Dispel Undead            Necr           0%         3d6       100%        4
 Fulminant Prism          Conj/Hex       0%         3d5       100%        4
 Fireball                 Conj/Fire      0%         3d3       100%        5
 Death Channel            Necr           0%         N/A       100%        6
 Dragon's Call            Summ           0%         N/A       100%        9


Dungeon Overview and Level Annotations

Branches:
Dungeon (4/15)             Temple (1/1) D:4

Altars:
Dithmenos
Gozag
Hepliaklqana
Makhleb
Nemelex Xobeh
Okawaru
Qazlal
Ru
Sif Muna
Trog
Vehumet
Yredelemnul

Annotations:
D:3 Natasha


Innate Abilities, Weirdness & Mutations

You are a hulking beast.
Your limbs bulge with bestial killing power. (Slay +2)
You have very sharp fingernails.


Message History

The giant cockroach barely misses you.
You claw the giant cockroach!
You kill the giant cockroach!
Trog accepts your kill.
No target in view!
No target in view!
No target in view!
No target in view!
No target in view!
No target in view!
No target in view!
No target in view!
No target in view!
No target in view!
You see here a giant cockroach corpse.
You see here a giant cockroach corpse.
p - a bubbling purple potion
q - a white potion
i - 3 scrolls labelled LAAS YTOPNAE (gained 1)
r - a scroll labelled PESHUN XOSIE An ogre comes into view.
It is wielding a +0 giant club.
The ogre shouts!
An endoplasm comes into view.
The endoplasm quivers.
The ogre hits you with a +0 giant club!!
Ouch! That really hurt!
You are too injured to fight recklessly!
You are too injured to fight recklessly!
You are too injured to fight recklessly!
You are too injured to fight recklessly!
You are too injured to fight recklessly!
You are too injured to fight recklessly!
You are too injured to fight recklessly!
You are too injured to fight recklessly!
You are too injured to fight recklessly!
You are too injured to fight recklessly!
The ogre attacks as it pursues you!
The ogre hits you with a +0 giant club!!
Ouch! That really hurt!
You die...

#.# #.......##.###.
##.#.. #.####.......#.#
## .....
#.##..........## # ....
#.##.#.........# # # ...
#.##.#........#.# #. #
.. #.##.#........#..#.#
### #.
#......##.###.#.#<# .(
#.##.##......#..........
##
#.....J.Oh......###.#.#
.##########.##......#.##
.. ....... ...
#......#.# .#.## ####
#.##...... ##.#
#.......... ##.#
#####[....(.... ##)#
#..##.###.# ##.########
#..##.# #.# ..........#
#..##.# #.#


You could see an ogre and an endoplasm.

Vanquished Creatures
  Grinder (D:3)
  A black bear (D:4)
  Ijyb (D:3)
  3 adders
  3 dart slugs
  2 worms
  5 orcs
  4 bats (D:1)
  9 endoplasms
  4 giant cockroaches
  6 goblins
  7 hobgoblins
  2 jackals (D:3)
  A quokka (D:1)
  5 ball pythons
  4 frilled lizards
  7 kobolds
  3 rats
68 creatures vanquished.

Notes
Turn   | Place    | Note
-------+----------+-------------------------------------------
     0 | D:1      | DocClef the Demonspawn Shapeshifter began the quest for the
                  | Orb.
     0 | D:1      | Reached XP level 1. HP: 15/15 MP: 1/1
   159 | D:1      | Gained mutation: You have sharp fingernails. [demonic
                  | ancestry]
   159 | D:1      | Reached XP level 2. HP: 13/21 MP: 2/2
   455 | D:1      | Found a faded altar of an unknown god.
   858 | D:2      | Gained mutation: You have very sharp fingernails. [demonic
                  | ancestry]
   858 | D:2      | Reached XP level 3. HP: 16/27 MP: 3/3
  1156 | D:2      | Reached XP level 4. HP: 33/33 MP: 4/4
  1402 | D:3      | Found a shadowy altar of Dithmenos.
  1411 | D:3      | Noticed Ijyb
  1411 | D:3      | Paralysed by Ijyb for 3 turns
  1425 | D:3      | Killed Ijyb
  1602 | D:3      | Noticed Grinder
  1609 | D:3      | Paralysed by Grinder for 2 turns
  1622 | D:3      | Killed Grinder
  1623 | D:3      | Reached XP level 5. HP: 5/41 MP: 5/5
  1623 | D:3      | Reached XP level 6. HP: 5/47 MP: 6/6
  1908 | D:3      | Noticed Natasha
  2051 | D:4      | Identified the -1 cloak "Reycerus" {rElec Dex+8}
  2087 | D:4      | Found a staircase to the Ecumenical Temple.
  2118 | Temple   | Entered the Ecumenical Temple
  2132 | Temple   | Became a worshipper of Trog the Wrathful
  2439 | D:4      | Mangled by an ogre

Illustrated notes

Levels and vault maps discovered:
D:1:      evilmike_arrival_home_sweet_home, layout_rooms,
          shapermc_ecumenical_altar_ellora, dk_noncrumbling_2,
          minmay_parallelograms, nicolae_the_louvre
D:2:      layout_rooms
D:3:      layout_basic, mainiacjoe_overflow_24_doors, uniq_grinder, uniq_ijyb,
          uniq_natasha, uniq_robin
D:4:      layout_loops_ring, minmay_temple_entry_mist, serial_park_tiny_1
Temple:   eino_temple_water

Skill      XL: |  1  2  3  4  5  6 |
---------------+-------------------+-----
Dodging        | 2 |  2.2
Unarmed Combat | 3 4 |  4.3
Shapeshifting  | 3 4 |  4.1
Fighting       | 2 3 |  3.8

Action                     |  1- 3 |  4- 6 || total
---------------------------+-------+-------++-------
  Melee: Unarmed           |   108 |    83 ||   191
         Punch             |     1 |     2 ||     3
 Armour: Animal skin       |    53 |       ||    53
         Ring mail         |     6 |    13 ||    19
         Chain mail        |       |    47 ||    47
  Dodge: Dodged            |    64 |    28 ||    92

Table legend: (Time is in decaauts)
 A = Elapsed time spent in this place.
 B = Non-inter-level travel time spent in this place.
 C = Inter-level travel time spent in this place.
 D = Time resting spent in this place.
 E = Time spent auto-exploring this place.
 F = Levels seen in this place.
 G = Mean time per level.
                   A        B        C        D        E       F      G
               +--------+--------+--------+--------+--------+-----+--------+
         Total |   2430 |   2310 |    120 |    275 |   1557 |   5 |  486.0 |
       Dungeon |   2401 |   2307 |     94 |    275 |   1557 |   4 |  600.2 |
        Temple |     28 |      2 |     26 |      0 |      0 |   1 |   28.0 |
               +--------+--------+--------+--------+--------+-----+--------+

Top non-repeatable levels by time:
     D:1: 907 daAuts
     D:3: 633 daAuts
     D:4: 491 daAuts
     D:2: 369 daAuts
  Temple: 28 daAuts
